 Dungeon Crawl Stone Soup version 0.24.1-14-gf8d2b509d9 (webtiles) character file.

Game seed: 18090954253972512572, levelgen mode: deterministic

11721 Hugehornet the Severer (level 11, -1/60 HPs)
             Began as a Gargoyle Fighter on May 25, 2020.
             Was a Follower of Cheibriados.
             Slain by an apocalypse crab (14 damage)
             ... in a Gauntlet.
             The game lasted 00:26:54 (14361 turns).

Hugehornet the Severer (Gargoyle Fighter)          Turns: 14361, Time: 00:26:54

Health: -1/60      AC: 26    Str: 22    XL:     11   Next: 82%
Magic:  9/11       EV:  4    Int: 14    God:    Cheibriados [*.....]
Gold:   488        SH:  9    Dex: 11    Spells: 10/10 levels left

rFire    . . .     SeeInvis +   a - +0 war axe
rCold    . . .     Gourm    .   c - +0 shield
rNeg     + . .     Faith    .   o - +0 plate armour
rPois    ∞         Spirit   .   j - +2 helmet {SInv}
rElec    +         Reflect  .   t - +2 cloak
rCorr    .         Harm     .   (no gloves)
MR       .....     NoTele   +   e - +0 pair of boots (curse)
Stlth    ..........             (no amulet)
HPRegen  0.20/turn              (no ring)
MPRegen  0.12/turn              (no ring)

@: very slightly contaminated, slowed, invisible (expiring), very slow
A: negative energy resistance 1, electricity resistance, unbreathing,
petrification resistance, rot immunity, AC +8
a: Bend Time, Renounce Religion


You were in a Gauntlet.
You worshipped Cheibriados.
Cheibriados was aware of your devotion.
You were not hungry.

You visited 2 branches of the dungeon, and saw 12 of its levels.
You also visited: Gauntlet.

You collected 488 gold pieces.

Inventory:

Hand Weapons
 a - a +0 war axe (weapon)
 u - a +2 flail of draining
 w - a +1 hand axe of venom
 A - a +0 whip of flaming
 E - a +0 trident
Armour
 c - a +0 shield (worn)
 e - a cursed +0 pair of boots (worn)
 j - a +2 helmet of see invisible (worn)
 n - a +0 chain mail
 o - a +0 plate armour (worn)
 t - a +2 cloak (worn)
 B - a +0 helmet
Magical Staves
 F - an uncursed staff of wizardry {unknown}
Jewellery
 H - the ring of Hijymuqe {rElec Stlth-, unknown}
   (You found it in a Gauntlet)

   [ring of attention]

   It insulates you from electricity.
   It makes you less stealthy.
Wands
 d - a wand of digging (6)
 q - a wand of random effects (28)
 x - a wand of paralysis (3)
 z - a wand of iceblast (3)
 C - a wand of polymorph (8)
Scrolls
 h - 4 scrolls of teleportation
 i - 2 scrolls of blinking {unknown}
 k - 2 scrolls of amnesia {unknown}
 l - 2 scrolls of remove curse {unknown}
 m - 2 scrolls of fear {unknown}
 p - 3 scrolls of enchant weapon
 r - 2 scrolls of magic mapping
 s - 4 scrolls of enchant armour
 y - 3 scrolls of noise {unknown}
Potions
 b - 5 potions of mutation
 g - a potion of brilliance
 v - 2 potions of cancellation
 D - a potion of invisibility {unknown}
Comestibles
 f - 14 rations
 G - 3 chunks of flesh


   Skills:
 + Level 3.2 Fighting
 - Level 16.0 Axes
 * Level 3.2 Armour
 * Level 3.2 Shields
 + Level 0.0 Invocations


You had 10 spell levels left.
You didn't know any spells.
Your spell library contained the following spells:

 Spells                   Type           Power        Failure   Level  Hunger
 Corona                   Hex            #......      100%        1    ##.....
 Summon Butterflies       Summ           #.......     100%        1    ##.....
 Ensorcelled Hibernation  Hex/Ice        #.....       100%        2    ###....
 Call Canine Familiar     Summ           #.......     100%        3    ####...
 Confuse                  Hex            #.......     100%        3    ####...
 Dazzling Spray           Conj/Hex       #.....       100%        3    ####...
 Tukima's Dance           Hex            #.......     100%        3    ####...
 Summon Ice Beast         Ice/Summ       #.......     100%        4    #####..
 Summon Mana Viper        Hex/Summ       #.......     100%        5    ######.
 Summon Hydra             Summ           #.........   100%        7    #######


Dungeon Overview and Level Annotations

Branches:
Dungeon (11/15)            Temple (1/1) D:6            Lair (0/6) D:9
    Orc (0/2) D:10        Gauntlet (1/1)

Altars:
Ashenzari
Cheibriados
Dithmenos
Elyvilon
Fedhas
Gozag
Hepliaklqana
Kikubaaqudgha
Makhleb
Nemelex Xobeh
Okawaru
Qazlal
Ru
Sif Muna
Trog
Uskayaw
Vehumet
Wu Jian
Xom
Yredelemnul
Zin
The Shining One

Annotations:
D:8 2 transporters
D:10 Urug Gauntlet 1 runed translucent door, 7 transporters


Innate Abilities, Weirdness & Mutations

You are resistant to torment.
Your stone body is resilient. (AC +8)
You are immune to poison.
You resist negative energy. (rN+)
You are resistant to electric shocks. (rElec)
You can survive without breathing.
You are immune to petrification.
You are immune to rotting.


Message History

The flow of time bends around you.
Cheibriados rebukes the apocalypse crab.
The apocalypse crab seems to slow down.
You feel slightly more hungry.
The apocalypse crab breathes chaos at you.
The blast of chaos engulfs you but does no damage.
The apocalypse crab is engulfed in seething chaos.
You are engulfed in seething chaos.
The apocalypse crab is engulfed in seething chaos. x2
Smoke pours from the apocalypse crab's front feet!
The apocalypse crab is engulfed in seething chaos.
The apocalypse crab bites you but does no damage.
You block the apocalypse crab's attack.
You flicker for a moment.
The apocalypse crab fails to trigger a net trap.
You see here a twitching iron ring.
H - a twitching iron ring The apocalypse crab bites you.
* * * LOW HITPOINT WARNING * * *
The apocalypse crab freezes you!
You die...

÷###.#.8.#..P...)#..##...#
..#..#...#.⌠.#.#?#...#.8.#
.....#.8.#uGu...G#.∩.#...#
######...#########...#.©.##.
.....#.8.....#.....8.#......
######...#########...#.©.###
Z#...#.8.#.#.....#.∩.#...#
.#.#.#...#.#.###=#...#.8.#
.#.#s#.8.#.###.t@#..##...#
#©##Z#©.©#...©.t©#.## .8.#
.#.#)#####.###.^!#.≈## ..#
.#.#.#...#.#.###.#.≈≈# 8.#
.#...#.8.#.#.....#.≈## .#
######...#########.##
...................≈#
≈#≈≈≈#≈≈≈#≈≈≈#≈≈≈#≈≈≈#
###≈###≈###≈###≈###≈##


You could see a green ugly thing, 2 glowing orange brains and 2 apocalypse
crabs.

Vanquished Creatures
  A hydra (D:11)
  Pikel (D:8)
  An ugly thing (D:11)
  Maurice (D:10)
  A smoke demon (Gauntlet)
  A torpor snail (Gauntlet)
  A red devil (Gauntlet)
  Grinder (D:3)
  A hippogriff (D:9)
  Sigmund (D:6)
  A spriggan (D:7)
  A vampire (D:10)
  16 yaks
  3 hungry ghosts (D:9)
  Eustachio (D:6)
  The ghost of TheSaltyOne the Chopper, an amateur DsFi (D:3)
  A warg (D:10)
  Edmund (D:6)
  2 water moccasins
  5 orc warriors
  2 sky beasts
  3 phantoms
  3 ice beasts
  2 black bears
  6 ogres
  3 centaurs (D:6)
  A big kobold (D:8)
  Blork the orc (D:6)
  8 bullfrogs
  2 scorpions
  2 howler monkeys
  7 crimson imps
  3 bullfrog skeletons
  2 centaur skeletons
  6 orc priests
  2 hounds
  2 jellies
  Terence (D:3)
  3 iguanas
  16 orc wizards
  9 worker ants
  A hound zombie (D:8)
  A hound skeleton (D:6)
  2 worker ant zombies
  A howler monkey skeleton (D:4)
  7 adders
  2 oozes
  An adder skeleton (D:5)
  An adder zombie (D:6)
  5 worms
  5 leopard geckos
  38 orcs
  5 bats
  4 giant cockroaches
  8 goblins
  4 hobgoblins
  14 jackals
  7 kobolds
  12 quokkas
  A ball python (D:5)
  6 frilled lizards
  A quokka zombie (D:8)
  8 rats
260 creatures vanquished.

Vanquished Creatures (others)
  A big kobold (D:10)
  A hound (D:10)
  An adder (D:8)
  7 kobolds (D:10)
  3 demonic plants (Gauntlet)
  A fungus (D:9)
  A plant (D:9)
  A withered plant (Gauntlet)
16 creatures vanquished.

Grand Total: 276 creatures vanquished

Notes
Turn   | Place    | Note
-------+----------+-------------------------------------------
     0 | D:1      | Hugehornet the Gargoyle Fighter began the quest for the
                  | Orb.
     0 | D:1      | Reached XP level 1. HP: 14/14 MP: 1/1
   186 | D:1      | Reached skill level 2 in Axes
   428 | D:1      | Reached XP level 2. HP: 17/19 MP: 2/2
   721 | D:1      | Reached skill level 3 in Axes
   790 | D:1      | Reached XP level 3. HP: 23/23 MP: 3/3
  1134 | D:2      | Found a burning altar of Makhleb.
  1561 | D:2      | Found a glowing golden altar of the Shining One.
  1632 | D:2      | Reached XP level 4. HP: 28/28 MP: 4/4
  1823 | D:2      | Reached skill level 4 in Axes
  1832 | D:2      | Reached XP level 5. HP: 16/32 MP: 5/5
  2189 | D:2      | Reached skill level 5 in Axes
  2327 | D:3      | Noticed Terence
  2348 | D:3      | Killed Terence
  2540 | D:3      | Noticed Grinder
  2558 | D:3      | Killed Grinder
  2558 | D:3      | Reached skill level 6 in Axes
  2558 | D:3      | Reached XP level 6. HP: 24/37 MP: 6/6
  2770 | D:3      | Found a runed translucent gate.
  2770 | D:3      | Found a runed translucent gate.
  2770 | D:3      | Found a runed translucent gate.
  2770 | D:3      | Noticed TheSaltyOne's ghost (amateur DsFi)
  3030 | D:4      | Found a shattered altar of Ashenzari.
  3150 | D:4      | Noticed an ice beast
  3159 | D:4      | Killed an ice beast
  3159 | D:4      | Reached XP level 7. HP: 34/41 MP: 7/7
  3244 | D:4      | Reached skill level 7 in Axes
  4050 | D:5      | Entered Level 5 of the Dungeon
  4066 | D:5      | Reached skill level 8 in Axes
  4416 | D:5      | Reached XP level 8. HP: 43/46 MP: 8/8
  4694 | D:5      | Reached skill level 9 in Axes
  4736 | D:5      | Found a sacrificial altar of Ru.
  5287 | D:5      | Found an ornate altar of the Wu Jian Council.
  5734 | D:6      | Reached skill level 10 in Axes
  5763 | D:6      | Noticed Eustachio
  5797 | D:6      | Reached XP level 9. HP: 32/51 MP: 9/9
  5808 | D:6      | Killed Eustachio
  6233 | D:6      | Reached skill level 11 in Axes
  6237 | D:6      | Noticed Blork the orc
  6248 | D:6      | Killed Blork the orc
  6363 | D:6      | Noticed Edmund
  6384 | D:6      | Killed Edmund
  7147 | D:6      | Noticed Sigmund
  7163 | D:6      | Killed Sigmund
  7307 | D:6      | Found a staircase to the Ecumenical Temple.
  7508 | Temple   | Entered the Ecumenical Temple
  7743 | D:7      | Found a burning altar of Makhleb.
  7856 | D:7      | Reached skill level 12 in Axes
  8107 | D:7      | Found a radiant altar of Vehumet.
  8610 | D:7      | Reached XP level 10. HP: 56/56 MP: 10/10
  9103 | D:8      | Found a transporter.
  9108 | D:8      | Noticed a kobold demonologist
  9180 | D:8      | Found a transporter.
  9199 | D:8      | Noticed a kobold demonologist
  9201 | D:8      | Reached skill level 13 in Axes
  9457 | D:8      | Noticed Pikel
  9477 | D:8      | Paralysed by Pikel for 5 turns
  9487 | D:8      | Killed Pikel
 10107 | D:3      | Killed TheSaltyOne's ghost
 10959 | D:9      | Found a staircase to the Lair.
 11107 | D:9      | Reached skill level 14 in Axes
 11260 | D:9      | Reached XP level 11. HP: 24/60 MP: 11/11
 11925 | D:9      | Found a snail-covered altar of Cheibriados.
 11925 | D:9      | Found a basalt altar of Yredelemnul.
 11938 | D:9      | Found an iron altar of Okawaru.
 12022 | D:9      | Found a bloodstained altar of Trog.
 12023 | D:9      | Found an ancient bone altar of Kikubaaqudgha.
 12036 | D:10     | Entered Level 10 of the Dungeon
 12135 | D:10     | Found a staircase to the Orcish Mines.
 12657 | D:10     | Noticed Maurice
 12766 | D:10     | Killed Maurice
 12838 | D:9      | Became a worshipper of Cheibriados the Contemplative
 12917 | D:10     | Noticed Urug
 12984 | D:10     | Reached skill level 15 in Axes
 13432 | D:11     | Noticed a four-headed hydra
 13448 | D:11     | Killed a four-headed hydra
 13545 | D:11     | Noticed a cyan ugly thing
 13568 | D:11     | Killed a cyan ugly thing
 13633 | D:11     | Reached * piety under Cheibriados
 13649 | D:11     | Found a gate leading to a gauntlet.
 13658 | Gauntlet | Entered a Gauntlet
 13658 | Gauntlet | Found a runed translucent door.
 13658 | Gauntlet | Found a transporter.
 13658 | Gauntlet | Found a runed translucent door.
 13658 | Gauntlet | Found a transporter.
 13679 | Gauntlet | Noticed a fire crab
 13688 | Gauntlet | Found a transporter.
 13688 | Gauntlet | Found a transporter.
 13692 | Gauntlet | Found a transporter.
 13692 | Gauntlet | Found a transporter.
 13718 | Gauntlet | Found a transporter.
 13722 | Gauntlet | Found a transporter.
 13727 | Gauntlet | Noticed a death scarab
 13733 | Gauntlet | Found a transporter.
 13749 | Gauntlet | Found the +9 staff of Olgreb {rPois}
 13749 | Gauntlet | Found a transporter.
 13756 | Gauntlet | Noticed a white ugly thing
 13756 | Gauntlet | Noticed a green ugly thing
 13756 | Gauntlet | Noticed a glowing orange brain
 13758 | Gauntlet | Noticed a glowing orange brain
 13763 | Gauntlet | Found a transporter.
 13767 | Gauntlet | Found a transporter.
 14180 | Gauntlet | Reached skill level 16 in Axes
 14361 | Gauntlet | Got a twitching iron ring
 14361 | Gauntlet | Slain by an apocalypse crab

Levels and vault maps discovered:
D:1:      grunt_arrival_lava_bath, layout_basic
D:2:      layout_basic, nicolae_overflow_crystal_walls, tso_metal_star
D:3:      layout_basic, ebering_ghost_rock_garden, uniq_grinder, uniq_terence
D:4:      layout_gridville, lemuel_doored_altar
D:5:      layout_basic, lemuel_round_altar, lemuel_crystal_altar, first_ration
D:6:      layout_basic, minmay_temple_entry_poolview, uniq_edmund,
          uniq_blork_the_orc, uniq_sigmund, uniq_eustachio
D:7:      layout_loops_ring, vehumet_crystals, the_bakery, bloody_makhleb
D:8:      gammafunk_wand_slinger, layout_cave_pods, uniq_pikel
D:9:      layout_loops_ring, nicolae_overflow_hidden_temple,
          grunt_lair_entry_orc_guard_hut
D:10:     layout_roguey, minmay_orc_entry_guard_dogs, lemuel_flamethrower_2,
          uniq_maurice, uniq_urug
D:11:     layout_irregular_city, gauntlet_entry_generic,
          ebering_ghost_reflecting_pool
Temple:   minmay_temple_curvy_loop
Gauntlet: minmay_gauntlet_77_indecision [minmay_gauntlet_arena_77_shame_cube,
          minmay_gauntlet_arena_77_radiant_squares,
          minmay_gauntlet_arena_77_double_cross,
          minmay_gauntlet_arena_77_two_paths, minmay_gauntlet_arena_77_museum,
          minmay_gauntlet_arena_77_mirror, gauntlet_exit_spiral]

Skill      XL: |  1  2  3  4  5  6  7  8  9 10 11 |
---------------+----------------------------------+-----
Axes           | 2 3 4 6 8 10 12 14 16 | 16.0
Fighting       | |  3.2
Armour         | |  3.2
Shields        | |  3.2

Action                   |  1- 3 |  4- 6 |  7- 9 | 10-12 || total
-------------------------+-------+-------+-------+-------++-------
Melee: War axe           |   127 |   124 |   529 |   823 ||  1603
       Flail             |       |       |       |    13 ||    13
Invok: Bend Time         |       |       |       |     2 ||     2
  Use: Potion            |       |     1 |     5 |    10 ||    16
       Scroll            |       |       |     8 |     8 ||    16
  Eat: Chunk             |     2 |     6 |    17 |    12 ||    37
       Ration            |       |       |       |    10 ||    10
Armor: Scale mail        |    69 |    35 |       |       ||   104
       Chain mail        |       |    30 |   278 |   165 ||   473
       Plate armour      |       |       |       |   372 ||   372
Dodge: Dodged            |    43 |    38 |   102 |   102 ||   285
Block: Shield            |    81 |    62 |   224 |   300 ||   667
